 Dungeon Crawl Stone Soup version 0.31-a0-1002-g8e65716e6e (webtiles) character file.

Game seed: 11127586277547316031

661 BinkBink the Ruffian (level 7, -2/67 HPs)
             Began as a Troll Shapeshifter on Nov 10, 2023.
             Slain by a gnoll
             ... wielding a +1 heavy spear
             ... led by a gnoll bouda
              (9 damage)
             ... on level 5 of the Dungeon.
             The game lasted 00:03:59 (3238 turns).

BinkBink the Ruffian (Troll Shapeshifter)           Turns: 3238, Time: 00:04:00

Health: -2/67      AC:  4    Str: 25    XL:     7   Next: 30%
Magic:  6/6        EV: 10    Int:  6    God:
Gold:   232        SH:  0    Dex:  9    Spells: 6/6 levels left

rFire   . .          .
                       - Unarmed
rCold   + . .        g - orb {*Rage}
rNeg    . . .        a - +0 animal skin
rPois   .            (helmet currently unavailable)
rElec   .            (cloak currently unavailable)
rCorr   .            (gloves unavailable)
SInv    .            (boots unavailable)
Will    .....        (no amulet)
Stlth   +            p - ring of flight
HPRegen 1.11/turn    (no ring)
MPRegen 0.10/turn

%: random rage (20%)
@: mighty, beast-form, flying
A: beast (slay +2), large, unfitting armour, claws 3, regeneration 1, shaggy fur
1, tough skin 1, hooves 1, cold resistance 1
a: Begin Untransformation


You were on level 5 of the Dungeon.
You were a hulking beast.
You visited 1 branch of the dungeon, and saw 5 of its levels.

You collected 232 gold pieces.

Inventory:

Armour
 a - a +0 animal skin (worn)
 g - an orb of wrath (worn)
 o - a +0 cloak
Jewellery
 l - an amulet of magic regeneration
 p - a ring of flight (left claw)
 s - a +4 ring of slaying
 u - a ring of see invisible
 w - a +6 ring of dexterity
Talismans
 c - a beast talisman (active)
 d - a flux talisman
Wands
 q - a wand of digging (5)
Scrolls
 e - 4 scrolls of identify {unknown}
 j - 2 scrolls of brand weapon {unknown}
 k - a scroll of teleportation {unknown}
 v - 2 scrolls of amnesia {unknown}
Potions
 b - a potion of lignification
 f - a potion of mutation
 h - a potion of attraction {unknown}
 i - a potion of resistance {unknown}
 m - a potion of might
 n - a potion of invisibility {unknown}
 r - a potion of curing {unknown}
 t - a potion of magic {unknown}


   Skills:
 + Level 3.3 Fighting
 + Level 3.6 Dodging
 + Level 4.9 Unarmed Combat
 + Level 4.7 Shapeshifting


You had 6 spell levels left.
You didn't know any spells.
Your spell library contained the following spells:

 Spells                   Type           Power      Damage    Failure   Level
 Foxfire                  Conj/Fire      0%         2x1d4     45%         1
 Freeze                   Ice            0%         1d3       45%         1
 Magic Dart               Conj           0%         1d3       45%         1
 Sandblast                Erth           0%         2d4       45%         1
 Passwall                 Tmut/Erth      0%         N/A       58%         2
 Static Discharge         Conj/Air       0%         3-3/arc   58%         2
 Frozen Ramparts          Ice            0%         1d1       83%         3
 Hailstorm                Conj/Ice       0%         3d3       83%         3
 Stone Arrow              Conj/Erth      0%         3d7       83%         3
 Airstrike                Air            0%         2d(0-16)  99%         4
 Brom's Barrelling Bould  Conj/Erth      0%         2d3       99%         4
 Summon Lightning Spire   Summ/Air       0%         N/A       99%         4


Dungeon Overview and Level Annotations

Branches:
Dungeon (5/15)
 Temple: D:4-7

Altars:


Innate Abilities, Weirdness & Mutations

You are a hulking beast.
Your limbs bulge with bestial killing power. (Slay +2)
You are too large for most types of armour.
You have claws for hands.
Your natural rate of healing is unusually fast.
You are covered in fur. (AC +1)
You have tough skin. (AC +1)
You have large cloven feet.
Your flesh is cold resistant. (rC+)


Message History

You feel your attacks grow feeble. The gnoll attacks as it pursues you!
The gnoll hits you from afar with a +1 heavy spear!
You see here a +0 ring mail.
The gnoll hits you with a +0 flail.
The gnoll hits you from afar with a +0 spear.
The gnoll attacks as it pursues you!
The gnoll hits you from afar with a +0 spear.
The gnoll barely misses you.
The gnoll hits you from afar with a +1 heavy spear!
Things that are here:
a +0 short sword; a +0 robe The gnoll hits you with a +0 flail.
Your attacks no longer feel as feeble.
The gnoll attacks as it pursues you!
The gnoll hits you from afar with a +1 heavy spear.
The gnoll attacks as it pursues you! The gnoll hits you with a +0 flail.
* * * LOW HITPOINT WARNING * * *
The gnoll attacks as it pursues you!
The gnoll hits you from afar with a +1 heavy spear!
* * * LOW HITPOINT WARNING * * *
Okay, then.
It was a potion of mutation.
You feel extremely strange.
Your feet thicken and deform.
You feel resistant to cold. The gnoll barely misses you.
It was a potion of might.
You feel very mighty all of a sudden.
The gnoll is no longer moving quickly.
The gnoll closely misses you. The gnoll barely misses you.
The gnoll bouda barks out a call to the hunt!
The gnoll picks up the pace!
The gnoll closely misses you.
Okay, then.
Okay, then.
The gnoll hits you with a +0 flail.
* * * LOW HITPOINT WARNING * * *
The gnoll attacks as it pursues you! The gnoll hits you but does no damage.
The gnoll attacks as it pursues you!
The gnoll hits you from afar with a +1 heavy spear!
You die...

#.........#.##.#....#
.....#.........#.##.#..###
###....#.........#.##.#.)#
......#..............#..######
..#.#.#....).........#....#...
###.#..................#.##.#.##
......................#^##)#.#.
#.###g....g.....#.#.....#.#.#.
####..g....)..ggh.<..+...........
.....g.##.####.#####รท#.....#.#...
.......##....#.#####.#.......#.##
#......##....#.......#.......#...
#......##....##>.....#.......####
..####.##....##......#....)......
.. #....#####......#......####. .
..#### #......######...... . #.#
#......# ##.###.#


You could see 3 gnolls.

Vanquished Creatures
  Grinder (D:5)
  An ogre (D:4)
  A centaur (D:5)
  A scorpion (D:5)
  An orc priest (D:4)
  2 iguanas (D:4)
  An orc wizard (D:4)
  4 gnolls (D:4)
  4 adders
  4 worms
  4 dart slugs
  5 orcs
  4 ball pythons
  7 endoplasms
  A giant cockroach (D:2)
  4 goblins
  4 hobgoblins
  4 quokkas
  5 bats
  3 frilled lizards
  5 kobolds
  2 rats (D:3)
68 creatures vanquished.

Notes
Turn   | Place    | Note
-------+----------+-------------------------------------------
     0 | D:1      | BinkBink the Troll Shapeshifter began the quest for the
                  | Orb.
     0 | D:1      | Reached XP level 1. HP: 18/18 MP: 0/0
    53 | D:1      | Reached skill level 1 in Fighting
   116 | D:1      | Reached XP level 2. HP: 14/27 MP: 1/1
  1091 | D:2      | Reached XP level 3. HP: 33/33 MP: 2/2
  1534 | D:3      | Reached XP level 4. HP: 42/42 MP: 3/3
  2258 | D:4      | Reached XP level 5. HP: 49/49 MP: 4/4
  2653 | D:4      | Noticed an ogre
  2659 | D:4      | Killed an ogre
  2660 | D:4      | Reached XP level 6. HP: 59/59 MP: 5/5
  2928 | D:5      | Identified the of Sijuzyef
  2928 | D:5      | Entered Level 5 of the Dungeon
  3002 | D:5      | Noticed Grinder
  3015 | D:5      | Paralysed by Grinder for 5 turns
  3021 | D:5      | Killed Grinder
  3022 | D:5      | Reached XP level 7. HP: 67/67 MP: 6/6
  3235 | D:5      | Gained mutation: You have large cloven feet. [potion of
                  | mutation]
  3235 | D:5      | Gained mutation: Your flesh is cold resistant. (rC+)
                  | [potion of mutation]
  3238 | D:5      | Slain by a gnoll

Illustrated notes

Levels and vault maps discovered:
D:1:      sevenhm_arrival_forest_fort_large_2, layout_basic
D:2:      minmay_evil_eye, layout_basic
D:3:      layout_basic, kennysheep_generic_room_12
D:4:      layout_basic, minivault_26
D:5:      layout_basic, uniq_crazy_yiuf_cottage, uniq_grinder, uniq_pikel

Skill      XL: |  1  2  3  4  5  6 |
---------------+-------------------+-----
Fighting       | 1 2 3 |  3.3
Dodging        | 2 3 |  3.6
Unarmed Combat | 4 |  4.9
Shapeshifting  | 4 |  4.7

Action                     |  1- 3 |  4- 6 |  7- 9 || total
---------------------------+-------+-------+-------++-------
  Melee: Unarmed           |    81 |    66 |     7 ||   154
    Use: Potion            |       |       |     2 ||     2
 Armour: Animal skin       |    57 |    42 |    20 ||   119
  Dodge: Dodged            |    42 |    22 |     8 ||    72
   Form: Beast             |     1 |       |       ||     1

Table legend: (Time is in decaauts)
 A = Elapsed time spent in this place.
 B = Non-inter-level travel time spent in this place.
 C = Inter-level travel time spent in this place.
 D = Time resting spent in this place.
 E = Time spent auto-exploring this place.
 F = Levels seen in this place.
 G = Mean time per level.
                   A        B        C        D        E       F      G
               +--------+--------+--------+--------+--------+-----+--------+
         Total |   3372 |   3252 |    120 |    519 |   2257 |   5 |  674.4 |
       Dungeon |   3372 |   3252 |    120 |    519 |   2257 |   5 |  674.4 |
               +--------+--------+--------+--------+--------+-----+--------+

Top non-repeatable levels by time:
     D:4: 936 daAuts
     D:3: 712 daAuts
     D:2: 698 daAuts
     D:1: 690 daAuts
     D:5: 335 daAuts
